 Dungeon Crawl Stone Soup version 0.32-a0-571-gec57dfcd37 (webtiles) character file.

Game seed: 13360109512533953714

1585 anonymouscript the Scratcher (level 8, -4/38 (39) HPs)
             Began as a Felid Shapeshifter on Feb 29, 2024.
             Was a Priest of Nemelex Xobeh.
             Slain by a wight
             ... wielding a +0 great sword
              (18 damage)
             ... on level 8 of the Dungeon on Mar 1, 2024.
             The game lasted 00:46:42 (6947 turns).

anonymouscript the Scratcher (Felid Shapeshifter)   Turns: 6947, Time: 00:46:43

HP:   -4/38 (39)    AC:  2    Str: 10    XL:     8   Next: 61%
MP:   9/9           EV: 20    Int: 14    God:    Nemelex Xobeh [***...]
Gold: 498           SH:  0    Dex: 18    Spells: 7/7 levels left
                                        Lives: 0   Deaths: 3

rFire   + .          .
                       - Unarmed
rCold   . . .        (shield unavailable)
rNeg    . . .        (body armour unavailable)
rPois   .            (helmet unavailable)
rElec   .            (cloak unavailable)
rCorr   .            (gloves unavailable)
SInv    +            (boots unavailable)
Will    +....        (no amulet)
Stlth   ++++         m - ring of protection from fire
HPRegen 0.26/turn    (no ring)
MPRegen 0.11/turn

%: no passive effects
@: beast-form, hasted, lightly drained, very quick
A: beast (slay +2), very small, claws 1, fangs 3, see invisible, shaggy fur 2,
stealthy paws, no weapons or thrown items, no armour, multi-lived
a: Begin Untransformation, Renounce Religion, Draw Escape, Draw Destruction,
Draw Summoning, Triple Draw


You were on level 8 of the Dungeon.
You worshipped Nemelex Xobeh.
Nemelex Xobeh was most pleased with you.
You were a hulking beast.
You visited 2 branches of the dungeon, and saw 9 of its levels.
You also visited: Ossuary.

You collected 498 gold pieces.

Inventory:

Jewellery
 l - an amulet of reflection
 m - a ring of protection from fire (left paw)
Talismans
 b - a beast talisman (active)
 c - a flux talisman
Wands
 y - a wand of charming (9)
Scrolls
 a - 2 scrolls of enchant armour {unknown}
 d - 2 scrolls of fog
 f - 2 scrolls of revelation
 i - a scroll of noise {unknown}
 j - 3 scrolls of enchant weapon
 k - 2 scrolls of amnesia
 q - 2 scrolls of teleportation
 r - a scroll of poison
 v - a scroll of vulnerability {unknown}
 x - a scroll of fear
Potions
 e - a potion of enlightenment
 g - a potion of mutation
 h - 2 potions of haste
 n - a potion of brilliance {unknown}
 o - 2 potions of berserk rage
 p - a potion of invisibility {unknown}
 s - 2 potions of heal wounds {unknown}
 t - a potion of curing
 u - a potion of attraction
 w - a potion of resistance {unknown}


   Skills:
 + Level 2.0 Fighting
 + Level 6.0 Dodging
 + Level 6.9 Stealth
 + Level 7.6 Unarmed Combat
 + Level 4.8 Shapeshifting


You had 7 spell levels left.
You didn't know any spells.
Your spell library contained the following spells:

 Spells                   Type           Power      Damage    Failure   Level
 Slow                     Hex            0%         N/A       28%         1
 Scorch                   Fire           0%         2d5       41%         2
 Confusing Touch          Hex            0%         N/A       65%         3
 Sigil of Binding         Hex            0%         N/A       65%         3
 Vampiric Draining        Necr           0%         2d6       65%         3
 Flame Wave               Conj/Fire      0%         2d4       96%         4
 Vhi's Electric Charge    Tloc/Air       0%         N/A       96%         4
 Arcjolt                  Conj/Air       0%         1d10      100%        5
 Plasma Beam              Fire/Air       0%         2x1d10    100%        6
 Summon Cactus Giant      Summ           0%         N/A       100%        6


Dungeon Overview and Level Annotations

Branches:
Dungeon (8/15)             Temple (1/1) D:7         Ossuary (visited)
   Lair: D:8-11

Altars:
Ashenzari
Cheibriados
Dithmenos
Elyvilon
Gozag
Hepliaklqana
Kikubaaqudgha
Makhleb
Nemelex Xobeh
Okawaru
Qazlal
Ru
Sif Muna
Trog
Uskayaw
Vehumet
Wu Jian
Xom
Yredelemnul
Zin
The Shining One

Shops:
D:7 :

Annotations:
D:2 Sigmund
D:5 Edmund, Pikel
D:8 2 transporters, exclusion: 2 oklob plants, Dittersdorf's ghost, novice GrFi
Temple 4 transporters


Innate Abilities, Weirdness & Mutations

You are a hulking beast.
Your limbs bulge with bestial killing power. (Slay +2)
You have sharp claws.
You have razor-sharp teeth.
You have supernaturally acute eyesight. (SInv)
You are covered in thick fur. (AC +2)
Your paws help you pounce on unaware monsters.
You are incapable of wielding weapons or throwing items.
You cannot wear armour.
You gain extra lives every three experience levels.


Message History

Found an escape hatch in the ceiling.
You see here a +0 sling.
There is an escape hatch in the ceiling here.
A wight comes into view. It is wielding a +0 great sword.
The catoblepas bellows!
The orc wizard shouts!
You see here a wand of charming (9).
y - a wand of charming (9)
Found a transporter.
The bullfrog croaks.
The centaur shouts!
Marking area around an oklob plant as unsafe for travelling.
The bullfrog gives a loud, deep croak!
You hear a croak.
Found a flail.
Found an escape hatch in the floor.
The gnoll sergeant shouts!
Dittersdorf's ghost turns its malevolent gaze towards you.
You claw the wight!
The wight is heavily damaged.
The wight closely misses you.
The wight hits you with a +0 great sword!
You claw the wight!
The wight is almost destroyed.
The wight hits you with a +4 long sword.
You feel drained. The wight misses you.
You scratch the wight.
You destroy the wight!
Your life force feels restored.
Your Fighting skill increases to level 2!
You scratch the wight.
The wight is lightly damaged.
The wight closely misses you.
You scratch the wight. Your bite misses the wight.
The wight is moderately damaged.
The wight hits you with a +0 great sword!
You feel drained.
You feel yourself speed up. The wight misses you.
The wight hits you with a +0 great sword!!
You die...
Your body disappears without a glow.

#..................
#.................. ##
#..................
##..##.................©
#...#...................
......................
.....#..............#.
#..................
##hz........#......
#....#.....##......
###.##....##.......
####....###......
#...##..).#...
#####....##...
##...##... #####....
#...#


You could see a wight.

Vanquished Creatures
  2 steam dragons
  Menkaure (Ossuary)
  A sky beast (D:7)
  An ogre (D:6)
  A centaur (D:5)
  2 bullfrogs
  A wight (D:8)
  2 troll zombies (Ossuary)
  3 centaur zombies (Ossuary)
  2 bombardier beetles
  A hound (D:6)
  3 orc priests
  A gnoll bouda (D:4)
  A sleepcap (D:7)
  2 orc wizards (D:7)
  6 mummies (Ossuary)
  5 adders
  3 gnolls (D:4)
  2 white imps
  4 ufetubi (D:6)
  2 adder zombies (Ossuary)
  A ribbon worm (D:2)
  3 dart slugs (D:1)
  16 orcs
  3 bats
  6 endoplasms
  3 giant cockroaches
  7 goblins
  9 hobgoblins
  6 quokkas
  6 ball pythons
  3 frilled lizards
  2 gnoll zombies (Ossuary)
  4 goblin zombies (Ossuary)
  3 hobgoblin zombies (Ossuary)
  7 kobolds
  4 kobold zombies (Ossuary)
  An orc zombie (Ossuary)
  5 quokka zombies (Ossuary)
  3 rats
  4 rat zombies (Ossuary)
142 creatures vanquished.

Notes
Turn   | Place    | Note
-------+----------+-------------------------------------------
     0 | D:1      | anonymouscript the Felid Shapeshifter began the quest for
                  | the Orb.
     0 | D:1      | Reached XP level 1. HP: 10/10 MP: 2/2
   186 | D:1      | Reached XP level 2. HP: 14/14 MP: 3/3
   516 | D:1      | Reached XP level 3. HP: 18/18 MP: 4/4
   988 | D:2      | Reached skill level 1 in Stealth
  1140 | D:2      | Slain by an iguana
  1140 | D:2      | Lost a life (0 lives remaining)
  1404 | D:2      | Noticed Sigmund
  1845 | D:3      | Found a sparkling altar of Nemelex Xobeh.
  1845 | D:3      | Found an opulent altar of Gozag.
  1858 | D:3      | Became a worshipper of Nemelex Xobeh the Trickster
  1908 | D:3      | Reached XP level 4. HP: 22/22 MP: 5/5
  1908 | D:3      | Gained a life (1 life remaining)
  1966 | D:3      | Found a white marble altar of Elyvilon.
  2170 | D:3      | Reached skill level 4 in Unarmed Combat
  2573 | D:5      | Entered Level 5 of the Dungeon
  2620 | D:5      | Noticed an ogre
  2622 | D:5      | Noticed a black bear
  2637 | D:4      | Reached XP level 5. HP: 7/25 MP: 6/6
  2800 | D:4      | Reached * piety under Nemelex Xobeh
  2937 | D:4      | Received a gift from Nemelex Xobeh
  2991 | D:4      | Found a glowing golden altar of the Shining One.
  2993 | D:4      | Noticed an angel
  3007 | D:4      | Found a basalt altar of Yredelemnul.
  3010 | D:4      | Noticed a profane servitor
  3394 | D:5      | Noticed Pikel
  3485 | D:5      | Found an ancient bone altar of Kikubaaqudgha.
  3485 | D:5      | Noticed a black bear
  3508 | D:5      | Noticed a centaur
  3518 | D:5      | Identified the +0 hand axe of Day {drain, ^Fragile +Blink
                  | Dex+3 Stlth+}
  3518 | D:5      | Noticed Edmund
  3523 | D:5      | Killed a centaur
  3524 | D:5      | Reached skill level 5 in Unarmed Combat
  3524 | D:5      | Gained mutation: You are covered in thick fur. (AC +2)
                  | [Felid growth]
  3524 | D:5      | Reached XP level 6. HP: 10/30 MP: 7/7
  3530 | D:5      | Slain by a sleepcap
  3530 | D:5      | Lost a life (0 lives remaining)
  3539 | D:5      | Upgraded the game from 0.32-a0-558-g233958a4c4 to
                  | 0.32-a0-560-g4c7f4391e0
  4162 | D:6      | Reached ** piety under Nemelex Xobeh
  4258 | D:6      | Received a gift from Nemelex Xobeh
  4887 | D:7      | Reached XP level 7. HP: 33/33 MP: 8/8
  4887 | D:7      | Gained a life (1 life remaining)
  5044 | D:7      | Found a sand-covered staircase.
  5047 | D:7      | Received a gift from Nemelex Xobeh
  5051 | Ossuary  | Entered an ossuary
  5191 | Ossuary  | Reached skill level 5 in Dodging
  5201 | Ossuary  | Reached skill level 6 in Unarmed Combat
  5305 | Ossuary  | Reached skill level 5 in Stealth
  5486 | Ossuary  | Noticed Menkaure
  5489 | Ossuary  | Identified the -1 hand axe "Vueneb" {venom, Int+3 Stlth+}
  5497 | Ossuary  | Slain by Menkaure
  5497 | Ossuary  | Lost a life (0 lives remaining)
  5673 | Ossuary  | Killed Menkaure
  5854 | D:7      | Noticed a steam dragon
  5881 | D:7      | Identified the +2 robe "Geidisch" {Rampage rPois Str-2}
  5896 | D:7      | Upgraded the game from 0.32-a0-560-g4c7f4391e0 to
                  | 0.32-a0-571-gec57dfcd37
  5902 | D:7      | Found Nusmiy's Book Shoppe.
  5943 | D:7      | Found a staircase to the Ecumenical Temple.
  5952 | Temple   | Found a transporter.
  5952 | Temple   | Found a transporter.
  5952 | Temple   | Found a transporter.
  5952 | Temple   | Found a transporter.
  5952 | Temple   | Entered the Ecumenical Temple
  6018 | D:7      | Killed a steam dragon
  6019 | D:7      | Reached XP level 8. HP: 25/38 MP: 9/9
  6147 | D:7      | Reached *** piety under Nemelex Xobeh
  6225 | D:7      | Reached skill level 7 in Unarmed Combat
  6657 | D:8      | Found a transporter.
  6697 | D:8      | Noticed an oklob plant
  6701 | D:8      | Noticed Dittersdorf's ghost (novice GrFi)
  6839 | D:8      | Noticed a catoblepas
  6855 | D:8      | Found a transporter.
  6872 | D:8      | Noticed an oklob plant
  6947 | D:8      | Slain by a wight

Illustrated notes

Levels and vault maps discovered:
D:1:      matt_arrival_grand_opening, layout_basic, dreamdust_mushroom_princess,
          serial_bayou_pond_e, minivault_19, grunt_decor_junction
D:2:      layout_basic, uniq_sigmund
D:3:      layout_loops_corners, grunt_temple_overflow_opulence,
          mainiacjoe_overflow_cross_hatched
D:4:      layout_loops_ring, grunt_temple_overflow_holy_war
D:5:      layout_rooms, kiku_gazebo_pond_becter, uniq_edmund,
          uniq_crazy_yiuf_cottage, uniq_pikel
D:6:      layout_basic, kennysheep_minor_cross, minmay_misc_feat_alley
D:7:      layout_loops_ring, minmay_temple_entry_mist,
          nicolae_ossuary_entry_ruins, serial_shops,
          nicolae_shop_just_a_little_nook
D:8:      layout_cave_pools, nzn_ghost_randoct, uniq_amaemon
Temple:   hellmonk_temple_divided_pantheon

Skill      XL: |  1  2  3  4  5  6  7  8 |
---------------+-------------------------+-----
Shapeshifting  | 3 4 |  4.8
Dodging        | 3 4 5 6 |  6.0
Stealth        | 1 2 3 4 6 |  6.9
Unarmed Combat | 4 5 6 7 |  7.6
Fighting       | 2 |  2.0

Action                     |  1- 3 |  4- 6 |  7- 9 || total
---------------------------+-------+-------+-------++-------
  Melee: Unarmed           |   105 |   148 |   159 ||   412
         Bite              |    13 |    15 |    20 ||    48
         Punch             |     1 |     5 |    12 ||    18
 Invoke: Draw Destruction  |       |     2 |     4 ||     6
         Draw Summoning    |       |     1 |     1 ||     2
Ability: Begin Untransform |       |     1 |       ||     1
    Use: Scroll            |       |    10 |     6 ||    16
         Potion            |       |     4 |     1 ||     5
   Stab: Sleeping          |     3 |     6 |    16 ||    25
 Armour: Skin              |    28 |   105 |    43 ||   176
  Dodge: Dodged            |    62 |   123 |   105 ||   290
   Form: Beast             |     1 |     1 |       ||     2
         Flux              |     1 |       |       ||     1

Table legend: (Time is in decaauts)
 A = Elapsed time spent in this place.
 B = Non-inter-level travel time spent in this place.
 C = Inter-level travel time spent in this place.
 D = Time resting spent in this place.
 E = Time spent auto-exploring this place.
 F = Levels seen in this place.
 G = Mean time per level.
                   A        B        C        D        E       F      G
               +--------+--------+--------+--------+--------+-----+--------+
         Total |   6914 |   6684 |    230 |    642 |   4120 |  10 |  691.4 |
       Dungeon |   6107 |   5877 |    230 |    479 |   3877 |   8 |  763.4 |
        Temple |     21 |     21 |      0 |      0 |      0 |   1 |   21.0 |
       Ossuary |    785 |    785 |      0 |    163 |    243 |   1 |  785.0 |
               +--------+--------+--------+--------+--------+-----+--------+

Top non-repeatable levels by time:
     D:6: 1275 daAuts
     D:3: 1037 daAuts
     D:4: 923 daAuts
     D:7: 911 daAuts
     D:1: 843 daAuts
 Ossuary: 785 daAuts
     D:2: 575 daAuts
     D:5: 277 daAuts
     D:8: 263 daAuts
  Temple: 21 daAuts
